 Dungeon Crawl Stone Soup version 0.16-a0-2930-gdd371d7 (webtiles) character file.

2257 RobertPalmer the Purveyor of Pain (level 9, 47/51 HPs)
             Began as an Octopode Necromancer on Dec 3, 2014.
             Was an Initiate of Kikubaaqudgha.
             Quit the game on level 7 of the Dungeon.
             The game lasted 00:39:07 (10812 turns).

RobertPalmer the Purveyor of Pain (OpNe)           Turns: 10812, Time: 00:39:08

Health: 47/51      AC:  3    Str:  7    XL:     9   Next: 37%
Magic:  22/22      EV: 16    Int: 17    God:    Kikubaaqudgha [......]
Gold:   198        SH:  4    Dex: 16    Spells: 7 memorised, 2 levels left

rFire  . . .     SeeInvis .     a - +2 dagger (venom)
rCold  . . .     Clarity  .     F - +0 buckler
rNeg   . . .     SustAb   .     k - +2 hat
rPois  +         Gourm    .     (no amulet)
rElec  .         Spirit   .     G - ring of poison resistance
rCorr  .         Warding  .     E - ring of poison resistance
rMut   .         Stasis   .     (no ring)
MR     .....                    (no ring)
Stlth  +++.......               (no ring)
                                (no ring)
                                (no ring)
                                (no ring)

@: repel missiles, not resistant to hostile enchantments, fairly stealthy
A: almost no armour, amphibious, 8 rings, constrict 8, camouflage 1, gelatinous
body 1
a: Renounce Religion


You were on level 7 of the Dungeon.
You worshipped Kikubaaqudgha.
Kikubaaqudgha was noncommittal.
You were not hungry.

You visited 2 branches of the dungeon, and saw 8 of its levels.

You collected 198 gold pieces.


Innate Abilities, Weirdness & Mutations

You cannot wear most types of armour.
You are amphibious.
You can wear up to eight rings at the same time.
You can use your tentacles to constrict many enemies at once.
Your skin changes colour to match your surroundings (Stealth).
Your rubbery body absorbs attacks (AC +1).


   Skills:
 - Level 7.1 Dodging
 - Level 2.6 Stealth
 - Level 2.0 Shields
 - Level 5.8 Spellcasting
 + Level 1.7 Conjurations
 - Level 8.5 Necromancy


You had 2 spell levels left.
You knew the following spells:

 Your Spells              Type           Power        Failure   Level  Hunger
c - Mephitic Cloud        Conj/Pois/Air  #.......     30%         3    ##.....
d - Repel Missiles        Chrm/Air       #.....       24%         2    #......
g - Regeneration          Chrm/Necr      ###.......   10%         3    ##.....
x - Vampiric Draining     Necr           ####......   1%          3    ##.....
z - Pain                  Necr           ####         1%          1    None
O - Animate Skeleton      Necr           N/A          1%          1    None
X - Animate Dead          Necr           N/A          4%          4    ####...

Inventory:

Hand weapons
 a - a +2 dagger of venom (weapon)
 b - a +0 blowgun
 M - a +0 dagger of speed
Missiles
 d - 28 poisoned needles
 q - 2 javelins (quivered)
Armour
 k - a +2 hat (worn)
 F - a +0 buckler (worn)
Magical staves
 I - an uncursed staff of power {!a}
 L - an uncursed staff of fire
Jewellery
 j - an uncursed ring of positive energy {unknown}
 n - an uncursed ring of fire
 r - an uncursed ring of sustain abilities {unknown}
 y - a cursed ring of loudness {unknown}
 C - a +4 ring of dexterity {unknown}
 E - a ring of poison resistance (right tentacle)
 G - a ring of poison resistance (left tentacle)
 H - an uncursed amulet of regeneration {unknown}
 P - an uncursed amulet of faith {unknown}
Magical devices
 J - a wand of polymorph (0)
 N - a wand of frost (22)
Scrolls
 i - 2 scrolls of amnesia
 t - a scroll of blinking
 u - a scroll of magic mapping
 B - a scroll of recharging
Potions
 e - 2 potions of restore abilities
 f - a potion of heal wounds {unknown}
 g - a potion of haste {unknown}
 m - a potion of cancellation {unknown}
 o - 2 potions of curing
 p - a potion of poison {unknown}
 s - 3 potions of mutation {unknown}
 A - a potion of brilliance {unknown}
Books
 w - a book of Clouds
 x - a book of Air
 D - a book of Necromancy
Comestibles
 c - 7 bread rations
 h - 8 fruits
 l - 3 chunks of flesh {@w1}
 z - a beef jerky

Dungeon Overview and Level Annotations

Branches:
Dungeon (7/15)             Temple (1/1) D:6

Altars:
Ashenzari
Cheibriados
Dithmenos
Elyvilon
Fedhas
Kikubaaqudgha
Makhleb
Nemelex Xobeh
Okawaru
Qazlal
Ru
Sif Muna
Trog
Vehumet
Xom
Yredelemnul
Zin
The Shining One

Shops:
D:5 [   D:6 =

Annotations:
D:4 Pikel

### #####
##########.######...#
#....†xZZ......>....###
#.######Z#........<....
#.# ##...........>..
#######Z# ##..#>.........
#....##.#
######..#.####n####
#.##.##.###...........##.#
#.##.##(...Z####..#.#.##.#
#.##.#####..# #..#.#.##.#
#.##.### #..#
##..#.#.##.####


You could see a friendly scorpion zombie and 2 friendly orc skeletons.


Message History

You closely miss the necrophage.
You hit the necrophage but do no damage.
You grab the necrophage. The necrophage hits you.
You hit the necrophage.
The necrophage is lightly damaged.
You constrict the necrophage. You block the necrophage's attack.
You hit the necrophage but do no damage.
The necrophage is lightly damaged.
You constrict the necrophage. You block the necrophage's attack.
You hit the necrophage.
The necrophage is moderately damaged.
You constrict the necrophage. The necrophage misses you.
You hit the necrophage.
The necrophage is moderately damaged.
You constrict the necrophage. The necrophage hits you.
You hit the necrophage. You squeeze the necrophage!
The necrophage is severely damaged.
You constrict the necrophage. The necrophage barely misses you.
You hit the necrophage.
The necrophage is almost destroyed.
You constrict the necrophage. You block the necrophage's attack.
You hit the necrophage but do no damage.
The necrophage is almost destroyed.
You constrict the necrophage. You block the necrophage's attack.
You hit the necrophage but do no damage.
You squeeze the necrophage.
You destroy the necrophage!
Your Conjurations skill increases to level 1!
No target in view!
Are you sure you want to abandon this character and quit the game? (Confirm with "yes".)

Action                   |  1- 3 |  4- 6 |  7- 9 || total
-------------------------+-------+-------+-------++-------
Melee: Unarmed           |    63 |    76 |    39 ||   178
       Dagger            |       |       |   182 ||   182
 Fire: Blowgun           |       |       |    23 ||    23
Throw: Javelin           |       |     1 |    13 ||    14
 Cast: Pain              |    20 |    72 |    67 ||   159
       Animate Skeleton  |     5 |    19 |    33 ||    57
       Vampiric Draining |     4 |    13 |    31 ||    48
       Regeneration      |       |     1 |     2 ||     3
       Animate Dead      |       |       |     1 ||     1
       Repel Missiles    |       |       |     1 ||     1
  Use: Scroll            |       |    12 |     4 ||    16
       Potion            |       |       |     2 ||     2
 Stab: Sleeping          |     7 |     4 |    10 ||    21
       Distracted        |       |       |     1 ||     1
  Eat: Chunk             |     3 |    15 |    21 ||    39
       Fruit             |       |     1 |       ||     1

Vault maps used:
D:1:      dpeg_arrival_chase
D:2:      columned_hall_lemuel
D:3:      uniq_purgy
D:4:      kennysheep_mini, serial_co_window_serial, co_window_paths_b,
          co_window_of_opportunity_a, co_window_corner_a, co_window_paths_a,
          co_window_of_opportunity_a, co_window_broadway_a, co_window_corner_b,
          co_window_2corner, co_window_unsneaky_path_d, glass_columns_b,
          uniq_blork_the_orc, uniq_pikel
D:5:      lemuel_crystal_altar, serial_shops, shop, first_bread, st_stairs_11,
          serial_bayou_lagoon_a, nicolae_tso_carved_into_rock
D:6:      temple_doors_e, serial_shops,
          nicolae_shop_competitors_out_of_business, uniq_iyjb
D:7:      kennysheep_mini_moat, gammafunk_temple_overflow_statue, trog_wizard
Temple:   nicolae_temple_god_jail

Notes
Turn   | Place    | Note
--------------------------------------------------------------
     0 | D:1      | RobertPalmer, the Octopode Necromancer, began the quest for the Orb.
     0 | D:1      | Reached XP level 1. HP: 11/11 MP: 3/3
   343 | D:1      | Reached XP level 2. HP: 9/17 MP: 2/4
  1135 | D:1      | Learned a level 1 spell: Animate Skeleton
  1206 | D:1      | Reached XP level 3. HP: 21/21 MP: 4/6
  1495 | D:2      | Reached skill level 5 in Necromancy
  1511 | D:2      | Learned a level 3 spell: Vampiric Draining
  2253 | D:2      | Reached XP level 4. HP: 18/27 MP: 0/7
  2793 | D:3      | Reached skill level 6 in Necromancy
  2793 | D:3      | Reached XP level 5. HP: 22/31 MP: 1/9
  2998 | D:3      | Learned a level 3 spell: Regeneration
  3195 | D:3      | Noticed Purgy
  4000 | D:3      | Reached skill level 7 in Necromancy
  4000 | D:3      | Reached XP level 6. HP: 15/36 MP: 5/10
  4300 | D:4      | Noticed Blork the orc
  4301 | D:4      | Noticed a centaur
  4312 | D:4      | HP: 3/36 [centaur/arrow (4)]
  5317 | D:4      | Reached skill level 3 in Dodging
  5371 | D:4      | Found a white marble altar of Elyvilon.
  5376 | D:4      | Noticed a slave
  5536 | D:4      | Noticed a slave
  5540 | D:4      | Noticed a slave
  5639 | D:3      | Reached skill level 4 in Dodging
  5639 | D:3      | Reached XP level 7. HP: 25/41 MP: 1/12
  5784 | D:4      | Noticed Pikel
  5809 | D:3      | Killed a slave
  6031 | D:4      | Killed Blork the orc
  6472 | D:3      | Killed Purgy
  6472 | D:3      | Reached skill level 5 in Dodging
  6785 | D:4      | Killed a centaur
  6861 | D:4      | Reached skill level 6 in Dodging
  7302 | D:5      | Entered Level 5 of the Dungeon
  7308 | D:5      | Found Vyaxoaw's Antique Armour Boutique.
  7332 | D:5      | Reached XP level 8. HP: 42/46 MP: 6/13
  7543 | D:5      | Reached skill level 7 in Dodging
  7998 | D:5      | Found a glowing golden altar of the Shining One.
  8073 | D:5      | Found a deep blue altar of Sif Muna.
  8334 | D:6      | Learned a level 2 spell: Repel Missiles
  8578 | D:6      | Reached skill level 8 in Necromancy
  8584 | D:6      | Noticed Ijyb
  8637 | D:6      | Killed Ijyb
  8709 | D:6      | Found a staircase to the Ecumenical Temple.
  8723 | Temple   | Entered the Ecumenical Temple
  8979 | D:6      | Reached skill level 1 in Shields
  8989 | D:6      | Found Smuasiq's Jewellery Boutique.
  9428 | D:6      | Reached skill level 2 in Shields
  9463 | Temple   | Became a worshipper of Kikubaaqudgha
  9568 | D:7      | Reached skill level 3 in Spellcasting
  9858 | D:7      | Reached skill level 4 in Spellcasting
  9858 | D:7      | Reached XP level 9. HP: 44/51 MP: 8/20
 10044 | D:7      | Reached skill level 5 in Spellcasting
 10079 | D:7      | Found a burning altar of Makhleb.
 10334 | D:7      | Found a bloodstained altar of Trog.
 10334 | D:7      | Noticed a wizard
 10340 | D:7      | Killed a wizard
 10605 | D:7      | Learned a level 4 spell: Animate Dead
 10609 | D:7      | Learned a level 3 spell: Mephitic Cloud
 10772 | D:7      | Found a shadowy altar of Dithmenos.
 10773 | D:7      | Found a sparkling altar of Nemelex Xobeh.
 10811 | D:7      | Reached skill level 1 in Conjurations
 10812 | D:7      | Quit the game

Vanquished Creatures
  An orc warrior (D:7)
  A slave (D:3)
  2 ice beasts (D:7)
  4 sky beasts
  A necrophage (D:7)
  A centaur (D:4)
  3 giant frogs
  Blork the orc (D:4)
  2 scorpions
  A giant frog zombie (D:7)
  2 crimson imps
  3 hounds
  A goliath beetle (D:6)
  A jelly (D:7)
  2 orc priests
  A giant frog skeleton (D:6)
  An orc wizard (D:5)
  8 worker ants
  Ijyb (D:6)
  A worker ant zombie (D:7)
  11 gnolls
  14 adders
  A giant mite (D:3)
  A shadow imp (D:5)
  A worm (D:2)
  An adder skeleton (D:7)
  3 giant geckos
  2 oozes
  18 orcs
  A ball python (D:1)
  6 giant cockroaches
  15 hobgoblins
  A jackal (D:3)
  16 kobolds
  A quokka (D:5)
  14 bats
  8 giant newts
  A giant spore (D:6)
  13 goblins
  A kobold skeleton (D:3)
  6 rats
  A ballistomycete (D:6)
174 creatures vanquished.

Vanquished Creatures (collateral kills)
  Purgy (D:3)
  A crimson imp (D:5)
  3 orcs
  3 jackals (D:3)
  A bat (D:3)
  A giant newt (D:4)
  3 kobolds
  A quokka (D:3)
  2 rats
16 creatures vanquished.

Vanquished Creatures (others)
  A wizard (D:7)
  A hound skeleton (D:4)
  4 adder skeletons
  A giant gecko skeleton (D:7)
  3 giant newt skeletons
  A gnoll skeleton (D:3)
  2 goblin skeletons
  4 hobgoblin skeletons
  2 jackal skeletons (D:3)
  6 kobold skeletons
  7 orc skeletons
  A quokka skeleton (D:3)
  2 rat skeletons
35 creatures vanquished.

Grand Total: 225 creatures vanquished
